cohdb
Replays
Latest Replays
All Replays
Popular Replays
Top Player Replays
Match Explorer
How It Works
Community
CoH3 Stats
Reddit
Sign in to upload your games and track your stats! →
Sign in with Steam
Match 42114488
Unlisted
Match 42114488
Overview
Messages
Build Orders
End
Royal Engineer Section
Royal Engineer Section
Construct Section Command Post
Dingo Light Scout Car
Infantry Section
Construct Platoon Command Post
Selects Heavy Armor Battlegroup
Vickers Machine Gun Team
Humber Armored Car
Selects Engineer Detachments
Infantry Section
Selects Light Vehicle Withdraw and Refit
Light Vehicle Withdraw and Refit
6-pounder Anti-tank Gun Team
Construct Field Infirmary
Infantry Section
Infantry Training
Humber Armored Car
Nostalgi@
Leorique
0
0
Comments
sign in to comment!
No comments posted yet!